 Dungeon Crawl Stone Soup version 0.24.0-35-gdb84b6a5db (webtiles) character file.

Game seed: 3431468218470939608, levelgen mode: deterministic

877 H0rd4k the Thaumaturge (level 7, 0/38 HPs)
             Began as a Deep Elf Wizard on Nov 17, 2019.
             Slain by an orc
             ... wielding a +0 short sword
              (5 damage)
             ... on level 5 of the Dungeon.
             The game lasted 00:13:18 (4935 turns).

H0rd4k the Thaumaturge (Deep Elf Wizard)            Turns: 4935, Time: 00:13:18

Health: 0/38       AC:  2    Str:  4    XL:     7   Next: 75%
Magic:  4/21       EV: 13    Int: 25    God:
Gold:   239        SH:  3    Dex: 13    Spells: 14/23 levels left

rFire    + . .     SeeInvis .   (no weapon)
rCold    + + .     Gourm    .   (no shield)
rNeg     . . .     Faith    .   a - +0 robe
rPois    .         Spirit   .   b - +0 hat
rElec    .         Reflect  +   e - scarf {rC+ rF+}
rCorr    .         Harm     .   (no gloves)
MR       .....                  (no boots)
Stlth    ++........             s - +3 amulet of reflection
HPRegen  0.12/turn              l - ring of protection from cold
MPRegen  0.17/turn              (no ring)

@: no status effects
A: no striking features
a: no special abilities


You were on level 5 of the Dungeon.
You were not hungry.

You visited 1 branch of the dungeon, and saw 6 of its levels.

You collected 239 gold pieces.

Inventory:

Missiles
 c - 7 javelins (quivered)
 j - 8 poisoned darts
Armour
 a - a +0 robe (worn)
 b - a +0 hat (worn)
 e - a scarf of resistance (worn)
Jewellery
 l - a ring of protection from cold (left hand)
 s - a +3 amulet of reflection (around neck)
Wands
 p - a wand of flame (23)
Scrolls
 f - 4 scrolls of remove curse {unknown}
 g - 2 scrolls of magic mapping {unknown}
 h - 2 scrolls of fog {unknown}
 i - 2 scrolls of identify {unknown}
 k - a scroll of blinking {unknown}
 m - 2 scrolls of immolation {unknown}
 n - 4 scrolls of teleportation {unknown}
 q - a scroll of enchant armour {unknown}
 v - a scroll of noise {unknown}
 w - a scroll of amnesia {unknown}
Potions
 o - 2 potions of magic {unknown}
 r - a potion of ambrosia {unknown}
 t - a potion of might
 u - 2 potions of lignification {unknown}
 x - a potion of agility {unknown}
Comestibles
 d - 4 rations
 z - a chunk of flesh


   Skills:
 + Level 1.0 Fighting
 + Level 3.6 Dodging
 + Level 3.6 Stealth
 + Level 8.8 Spellcasting
 + Level 5.5 Conjurations
   Level 1.1 Summonings
 + Level 1.8 Translocations
 + Level 1.3 Fire Magic
 + Level 0.3 Air Magic
 + Level 0.1 Poison Magic


You had 14 spell levels left.
You knew the following spells:

 Your Spells              Type           Power        Failure   Level  Hunger
a - Magic Dart            Conj           ####         1%          1    None
b - Blink                 Tloc           N/A          4%          2    None
c - Conjure Flame         Conj/Fire      ####....     4%          3    None
d - Mephitic Cloud        Conj/Pois/Air  ###.....     8%          3    None

Your spell library contained the following spells:

 Spells                   Type           Power        Failure   Level  Hunger
 Confusing Touch          Hex            ##....       5%          1    None
 Call Imp                 Summ           ###.....     5%          2    None
 Gell's Gravitas          Tloc           ###.......   8%          3    None
 Slow                     Hex            ##......     9%          2    None
 Confuse                  Hex            ##......     17%         3    None
 Petrify                  Tmut/Erth      ##......     50%         4    ##.....
 Metabolic Englaciation   Hex/Ice        ##........   83%         5    ####...
 Yara's Violent Unravell  Hex/Tmut       ##........   83%         5    ####...


Dungeon Overview and Level Annotations

Branches:
Dungeon (6/15)             Temple (0/1) D:5

Altars:

Annotations:
D:1 exclusion: downstairs
D:4 exclusions: downstairs and upstairs, Grinder


Message History

You climb upwards.
There is a stone staircase leading down here.
Casting: Magic Dart (safe; 1% risk of failure)
Confirm with . or Enter, or press ? or * to list all spells.
Aiming: Magic Dart (safe; 1% risk of failure)
Press: ? - help, Shift-Dir - straight line, f - orc
Aim: an orc, wielding a +0 short sword and wearing a +0 leather armour The magic dart hits the orc.
The orc is lightly wounded.
The orc hits you with a +0 short sword.
* * * LOW HITPOINT WARNING * * *
Casting: Magic Dart (safe; 1% risk of failure)
Confirm with . or Enter, or press ? or * to list all spells.
Aiming: Magic Dart (safe; 1% risk of failure)
Press: ? - help, Shift-Dir - straight line, f/p - orc
Aim: an orc, wielding a +0 short sword and wearing a +0 leather armour (lightly wounded)
The magic dart hits the orc but does no damage.
The orc is lightly wounded.
The orc hits you with a +0 short sword.
You die...

.##.##.####### ##.#
.......#.....# #####.##
##..####.....# #......# #.##
#.....# #.###..# #.# #.....#
#......# ##.#####.....#
#.##...#
..)...####.#####.##.#.#
##......##.....o....#.#
##.##.#.########@.....#
##....#.# #......# ##.##.#.#
#######..### ......#.#
#........#####
##......####.##.#.......#
#####.####.........####.# #
#...........#.......###### #
######.#.####.##.........####
####
#...>####)##.#..####.....


You could see an orc.

Vanquished Creatures
  A water moccasin (D:5)
  An ogre (D:4)
  A centaur (D:5)
  A gnoll sergeant (D:5)
  A crimson imp (D:5)
  A quasit (D:6)
  2 hounds
  A jelly (D:5)
  A centaur skeleton (D:4)
  2 orc priests
  An orc wizard (D:4)
  An iguana (D:4)
  2 worker ants
  Robin (D:4)
  4 gnolls
  7 adders
  An ooze (D:2)
  4 worms
  A leopard gecko (D:2)
  7 orcs
  3 giant cockroaches
  18 goblins
  5 hobgoblins
  2 jackals (D:4)
  3 quokkas
  A ball python (D:2)
  6 bats
  6 frilled lizards
  7 kobolds
  A leopard gecko skeleton (D:5)
  2 quokka skeletons (D:5)
  8 rats
103 creatures vanquished.

Notes
Turn   | Place    | Note
-------+----------+-------------------------------------------
     0 | D:1      | H0rd4k the Deep Elf Wizard began the quest for the Orb.
     0 | D:1      | Reached XP level 1. HP: 10/10 MP: 7/7
   148 | D:1      | Reached XP level 2. HP: 14/15 MP: 1/9
   204 | D:1      | Reached skill level 5 in Spellcasting
   734 | D:2      | Reached XP level 3. HP: 9/19 MP: 2/12
  1281 | D:2      | Learned a level 2 spell: Blink
  1285 | D:2      | Learned a level 3 spell: Conjure Flame
  1289 | D:2      | Learned a level 3 spell: Mephitic Cloud
  1304 | D:2      | Reached XP level 4. HP: 24/24 MP: 10/13
  1899 | D:3      | Reached skill level 6 in Spellcasting
  2585 | D:4      | Reached XP level 5. HP: 24/28 MP: 10/15
  2649 | D:4      | Noticed Robin
  2718 | D:4      | Killed Robin
  2858 | D:4      | Noticed Grinder
  2942 | D:4      | Noticed an ogre
  2988 | D:4      | Killed an ogre
  2988 | D:4      | Reached skill level 7 in Spellcasting
  2988 | D:4      | Reached XP level 6. HP: 32/32 MP: 2/18
  3472 | D:5      | Entered Level 5 of the Dungeon
  4033 | D:5      | Reached skill level 1 in Fighting
  4040 | D:5      | Reached XP level 7. HP: 26/38 MP: 3/20
  4159 | D:4      | Reached skill level 8 in Spellcasting
  4159 | D:4      | Reached skill level 5 in Conjurations
  4532 | D:5      | Reached skill level 1 in Fire Magic
  4672 | D:5      | Found a staircase to the Ecumenical Temple.
  4935 | D:5      | Slain by an orc

Levels and vault maps discovered:
D:1:      saegor_arrival_simple_c, layout_loops_cross
D:2:      layout_basic
D:3:      layout_loops_corners, corner_web_ring, uniq_sigmund, uniq_ijyb
D:4:      layout_basic, uniq_robin, uniq_grinder
D:5:      layout_loops_cross, minmay_temple_entry_junction, first_ration
D:6:      layout_basic, nicolae_ossuary_entry_false_entrances, serial_glass,
          glass_columns_c, glass_columns_c, glass_columns_b, glass_columns_a,
          feat_on_display, minmay_strange_pillars, serial_bayou_lagoon_b

Skill      XL: |  1  2  3  4  5  6  7 |
---------------+----------------------+-----
Spellcasting   | 5 6 7 8 |  8.8
Conjurations   | 2 3 4 5 |  5.5
Stealth        | 3 |  3.6
Dodging        | 3 |  3.6
Fighting       | 1 |  1.0
Fire Magic     | 1 |  1.3
Summonings     | |  1.1
Translocations | |  1.8
Air Magic      | |  0.3
Poison Magic   | |  0.1

Action                   |  1- 3 |  4- 6 |  7- 9 || total
-------------------------+-------+-------+-------++-------
 Cast: Magic Dart        |    88 |   183 |    81 ||   352
       Conjure Flame     |       |     4 |     4 ||     8
       Blink             |       |     2 |     3 ||     5
       Mephitic Cloud    |       |     2 |       ||     2
  Use: Potion            |     2 |       |       ||     2
  Eat: Chunk             |     1 |     7 |     4 ||    12
Armor: Robe              |     4 |     4 |       ||     8
Dodge: Dodged            |    19 |    32 |     7 ||    58
Block: Other             |       |     2 |     3 ||     5
